AoeStats
← AvaCz

Arena

510166804Analyzed
2v2 RM · 3d ago on Sep 29, 2026· 33m 0s· 4 players
Game mode
Random Map
Map size
Medium (4 player)
Population
200
Speed
Normal
Resources
Standard
Victory
Conquest
Starting age
Dark Age
Ending age
Imperial Age
RankedLock teamsTeams togetherTeam positionsShared explorationLock speedFull tech treeHidden civsTurbo modeCheats
Victory
Defeat
🇪🇸 Sicilians · Spain
797
+12
🇮🇪 Danes · Ireland
723
+14
🇫🇷 Mongols · France
699
-13
🇫🇷 Persians · France
699
-13
AvaCz
3:35 Loom
10:28 Feudal Age
11:44 Wheelbarrow
10:56 Double-Bit Axe
21:05 Castle Age
21:18 Forging
21:08 Scale Mail Armor
21:02 Stone Mining
21:03 Gold Mining
21:11 Horse Collar
22:01 Hand Cart
21:57 Bow Saw
22:13 Arson
22:29 Squires
24:52 Iron Casting
24:32 Chain Mail Armor
25:29 Chain Mail Armor
27:47 Fletching
27:34 Pikeman
28:37 Town Watch
30:20 Masonry
30:44 Town Patrol
31:00 Hamask
32:42 Bodkin Arrow
crissheller
0:29 Loom
10:16 Feudal Age
10:52 Town Watch
10:58 Double-Bit Axe
22:52 Castle Age
21:29 Fletching
21:52 Forging
21:43 Scale Mail Armor
30:13 Bodkin Arrow
30:18 Padded Archer Armor
32:40 Gold Mining
clemcfd
10:39 Feudal Age
11:03 Double-Bit Axe
12:45 Wheelbarrow
14:50 Horse Collar
24:00 Castle Age
23:16 Scale Mail Armor
23:46 Bloodlines
25:45 Chain Mail Armor
25:41 Forging
25:46 Bow Saw
25:40 Heavy Plow
26:11 Husbandry
29:01 Hand Cart
28:31 Loom
31:28 Scale Barding Armor
cocolamoule
8:11 Loom
9:56 Feudal Age
10:56 Double-Bit Axe
12:52 Horse Collar
14:49 Wheelbarrow
15:48 Bloodlines
17:22 Scale Barding Armor
17:28 Forging
24:47 Castle Age
26:24 Chain Barding Armor
31:32 Bow Saw
31:50 Heavy Plow
32:19 Hand Cart
Connection lost

Rejoining the realm…

Still unreachable

The connection could not be restored.

Session expired

The server has moved on; the page needs a fresh start.